 Dungeon Crawl Stone Soup version 0.29-a0-322-g68df515428 (webtiles) character file.

Game seed: 8717733582790935337

179 croobank the Shield-Bearer (level 5, -2/41 HPs)
             Began as a Gnoll Wanderer on Apr 8, 2022.
             Slain by a sky beast (6 damage)
             ... on level 5 of the Dungeon.
             The game lasted 00:13:40 (3096 turns).

croobank the Shield-Bearer (Gnoll Wanderer)         Turns: 3096, Time: 00:13:40

Health: -2/41      AC: 12    Str: 12    XL:     5   Next: 59%
Magic:  7/7        EV: 10    Int: 10    God:
Gold:   115        SH:  0    Dex: 14    Spells: 7/7 levels left

rFire   . . .      SeeInvis .   a - +0 falchion
rCold   . . .      Faith    .   (no shield)
rNeg    . . .      Spirit   .   q - +3 ring mail
rPois   .          Reflect  .   y - +0 helmet
rElec   .          Harm     .   (no cloak)
rCorr   .          Rampage  .   (no gloves)
Will    .....                   w - +0 pair of boots
Stlth   ++........              (no amulet)
HPRegen 0.13/turn               (no ring)
MPRegen 0.10/turn               (no ring)

@: no status effects
A: fangs 1, strong nose, distributed training
a: no special abilities


You were on level 5 of the Dungeon.
You visited 1 branch of the dungeon, and saw 5 of its levels.

You collected 192 gold pieces.
You spent 77 gold pieces at shops.

Inventory:

Hand Weapons
 a - a +0 falchion (weapon)
 b - a +1 vorpal hunting sling
 c - a +1 long sword of electrocution
 s - a +3 shortbow of freezing
 z - a +0 hand crossbow
Armour
 i - a +0 chain mail
 p - a +0 buckler of protection
 q - a +3 ring mail (worn)
 w - a +0 pair of boots (worn)
 y - a +0 helmet (worn)
Scrolls
 d - a scroll of blinking
 e - 3 scrolls of immolation
 f - a scroll of fear
 h - 2 scrolls of enchant weapon
 r - a scroll of magic mapping {unknown}
 t - a scroll of acquirement {unknown}
 v - a scroll of brand weapon {unknown}
 x - a scroll of teleportation {unknown}
Potions
 g - 3 potions of invisibility
 j - a potion of brilliance
 k - a potion of curing
 m - a potion of cancellation
 n - a potion of flight
 o - a potion of might {unknown}
 u - a potion of degeneration {unknown}


   Skills:
 + Level 3.0 Fighting
 + Level 1.5 Short Blades
 + Level 4.8 Long Blades
 + Level 1.5 Axes
 + Level 1.5 Maces & Flails
 + Level 1.5 Polearms
 + Level 1.5 Staves
 + Level 1.5 Slings
 + Level 1.5 Bows
 + Level 1.5 Crossbows
 + Level 1.5 Throwing
 + Level 6.7 Armour
 + Level 1.5 Dodging
 + Level 2.8 Stealth
 + Level 6.7 Shields
 + Level 1.5 Unarmed Combat
 + Level 1.5 Spellcasting
 + Level 1.2 Conjurations
 + Level 1.2 Hexes
 + Level 1.2 Summonings
 + Level 1.2 Necromancy
 + Level 1.2 Translocations
 + Level 1.2 Transmutations
 + Level 1.2 Fire Magic
 + Level 1.2 Ice Magic
 + Level 1.2 Air Magic
 + Level 1.2 Earth Magic
 + Level 1.2 Poison Magic
 + Level 1.7 Invocations
 + Level 1.5 Evocations


You had 7 spell levels left.
You didn't know any spells.
Your spell library contained the following spells:

 Spells                   Type           Power      Damage    Failure   Level
 Magic Dart               Conj           12%        1d3       38%         1
 Call Imp                 Summ           3%         N/A       52%         2
 Mephitic Cloud           Conj/Pois/Air  3%         N/A       77%         3


Dungeon Overview and Level Annotations

Branches:
Dungeon (5/15)             Temple (0/1) D:4

Altars:
Gozag
Nemelex Xobeh
Okawaru
Trog
Wu Jian
Xom
The Shining One

Shops:
D:2 [(*[

Annotations:
D:4 1 runed translucent door, Crazy Yiuf, Eustachio


Innate Abilities, Weirdness & Mutations

You have very sharp teeth.
Your uncanny sense of smell can sniff out nearby items.
Your experience applies equally to all skills.


Message History

The sky beast is severely wounded.
The sky beast hits you. The sky beast shocks you.
You closely miss the sky beast.
The sky beast is heavily wounded.
The sky beast misses you.
You closely miss the sky beast.
The sky beast is heavily wounded.
The sky beast hits you but does no damage.
You hit the sky beast. You bite the sky beast.
The sky beast is severely wounded.
The sky beast hits you but does no damage.
You barely miss the sky beast.
The sky beast is severely wounded.
The sky beast completely misses you.
You hit the sky beast.
The sky beast is severely wounded.
The sky beast hits you but does no damage.
You hit the sky beast.
The sky beast is almost dead.
The sky beast hits you but does no damage.
You closely miss the sky beast. Your bite misses the sky beast.
The sky beast is almost dead.
The sky beast hits you.
* * * LOW HITPOINT WARNING * * *
The sky beast shocks you.
* * * LOW HITPOINT WARNING * * *
You hit the sky beast but do no damage.
The sky beast is almost dead.
The sky beast barely misses you. x2
You hit the sky beast.
The sky beast is almost dead.
The sky beast hits you but does no damage.
You aren't carrying any items that you can evoke.
Unknown command.
You barely miss the sky beast. You bite the sky beast.
The sky beast is almost dead.
The sky beast hits you.
* * * LOW HITPOINT WARNING * * *
The sky beast shocks you.
You die...

.......
.......
.......
.......
..Y....
.......
####.......
#@Y...# ∆
#......#
#..........
##.........
#..##.....
#### #....
.#.# ###


You could see a sky beast.

Vanquished Creatures
  A hound (D:5)
  An orc priest (D:4)
  An orc wizard (D:4)
  2 adders
  2 worms (D:2)
  4 dart slugs
  4 orcs
  3 bats (D:1)
  6 endoplasms
  5 goblins
  7 hobgoblins
  3 jackals (D:1)
  2 quokkas
  5 ball pythons
  2 frilled lizards
  6 kobolds
  4 rats
58 creatures vanquished.

Notes
Turn   | Place    | Note
-------+----------+-------------------------------------------
     0 | D:1      | croobank the Gnoll Wanderer began the quest for the Orb.
     0 | D:1      | croobank set off with the following items: a +0 falchion, a
                  | +0 buckler of protection, a +0 ring mail, a scroll of
                  | blinking
     0 | D:1      | Reached XP level 1. HP: 17/17 MP: 1/1
   149 | D:1      | Reached XP level 2. HP: 22/23 MP: 2/2
   337 | D:1      | Found a faded altar of an unknown god.
   377 | D:1      | Reached XP level 3. HP: 28/28 MP: 3/3
   723 | D:2      | Found Axodudwo's Armour Emporium.
   766 | D:2      | Found Lechili's General Store.
   782 | D:2      | Bought a potion of heal wounds for 55 gold pieces
   782 | D:2      | Bought a scroll of identify for 22 gold pieces
   947 | D:2      | Found a glowing golden altar of the Shining One.
  1096 | D:2      | Found Paroeho's Antique Armour Emporium.
  1144 | D:2      | Reached skill level 1 in Invocations
  1160 | D:2      | Found Qoffec's Antique Weapon Boutique.
  1764 | D:3      | Reached skill level 1 in Short Blades
  1764 | D:3      | Reached skill level 1 in Axes
  1764 | D:3      | Reached skill level 1 in Maces & Flails
  1764 | D:3      | Reached skill level 1 in Polearms
  1764 | D:3      | Reached skill level 1 in Staves
  1764 | D:3      | Reached skill level 1 in Slings
  1764 | D:3      | Reached skill level 1 in Bows
  1764 | D:3      | Reached skill level 1 in Crossbows
  1764 | D:3      | Reached skill level 1 in Throwing
  1764 | D:3      | Reached skill level 1 in Dodging
  1764 | D:3      | Reached skill level 1 in Unarmed Combat
  1764 | D:3      | Reached skill level 1 in Spellcasting
  1764 | D:3      | Reached skill level 1 in Evocations
  1994 | D:3      | Reached XP level 4. HP: 34/34 MP: 5/5
  2346 | D:4      | Reached skill level 1 in Conjurations
  2346 | D:4      | Reached skill level 1 in Hexes
  2346 | D:4      | Reached skill level 1 in Summonings
  2346 | D:4      | Reached skill level 1 in Necromancy
  2346 | D:4      | Reached skill level 1 in Translocations
  2346 | D:4      | Reached skill level 1 in Transmutations
  2346 | D:4      | Reached skill level 1 in Fire Magic
  2346 | D:4      | Reached skill level 1 in Ice Magic
  2346 | D:4      | Reached skill level 1 in Air Magic
  2346 | D:4      | Reached skill level 1 in Earth Magic
  2346 | D:4      | Reached skill level 1 in Poison Magic
  2410 | D:4      | Reached XP level 5. HP: 12/40 MP: 5/7
  2677 | D:4      | Found a staircase to the Ecumenical Temple.
  2783 | D:4      | Found an ornate altar of the Wu Jian Council.
  2789 | D:4      | Found a bloodstained altar of Trog.
  2810 | D:4      | Found a shimmering altar of Xom.
  2827 | D:4      | Found a sparkling altar of Nemelex Xobeh.
  2830 | D:4      | Found an opulent altar of Gozag.
  2865 | D:4      | Found an iron altar of Okawaru.
  2972 | D:4      | Found a runed translucent door.
  2975 | D:4      | Noticed Crazy Yiuf
  3015 | D:4      | Noticed Eustachio
  3021 | D:5      | Entered Level 5 of the Dungeon
  3036 | D:5      | Noticed a sky beast
  3096 | D:5      | Slain by a sky beast

Illustrated notes

Levels and vault maps discovered:
D:1:      minmay_arrival_three_doors, layout_basic,
          hellmonk_ecumenical_altar_heavens_door, hangedman_decor_points,
          kennysheep_another_room, minmay_bisected
D:2:      layout_basic, serial_shops, shop, nicolae_shop_hallway_stairs,
          nicolae_shop_crystal, nicolae_shop_hallway_plus, basic_altar,
          serial_bayou_crossing
D:3:      layout_basic
D:4:      layout_basic, mainiacjoe_overflow_concentric_impassable,
          minmay_overflow_temple_star_hex, minmay_temple_entry_slanted,
          minmay_misc_feat_columns, minmay_misc_feat_alley,
          nicolae_concentric_dashed_squares_mild, eino_tiny_chamber,
          minmay_misc_feat_square, serial_bayou_ford_a,
          chequers_serial_rivers_small_a, grunt_ministairs_15,
          uniq_crazy_yiuf_cottage, uniq_eustachio
D:5:      layout_cave_pools, uniq_menkaure

Skill      XL: |  1  2  3  4  5 |
---------------+----------------+-----
Invocations    | 1 |  1.7
Short Blades   | 1 |  1.5
Axes           | 1 |  1.5
Maces & Flails | 1 |  1.5
Polearms       | 1 |  1.5
Staves         | 1 |  1.5
Slings         | 1 |  1.5
Bows           | 1 |  1.5
Crossbows      | 1 |  1.5
Throwing       | 1 |  1.5
Dodging        | 1 |  1.5
Unarmed Combat | 1 |  1.5
Spellcasting   | 1 |  1.5
Evocations     | 1 |  1.5
Conjurations   | 1 |  1.2
Hexes          | 1 |  1.2
Summonings     | 1 |  1.2
Necromancy     | 1 |  1.2
Translocations | 1 |  1.2
Transmutations | 1 |  1.2
Fire Magic     | 1 |  1.2
Ice Magic      | 1 |  1.2
Air Magic      | 1 |  1.2
Earth Magic    | 1 |  1.2
Poison Magic   | 1 |  1.2
Fighting       | 3 |  3.0
Long Blades    | |  4.8
Armour         | |  6.7
Stealth        | |  2.8
Shields        | |  6.7

Action                   |  1- 3 |  4- 6 || total
-------------------------+-------+-------++-------
Melee: Falchion          |   140 |   106 ||   246
       Bite              |    15 |     7 ||    22
 Fire: Hunting sling     |       |     5 ||     5
       Shortbow          |       |     1 ||     1
  Use: Scroll            |     4 |     4 ||     8
       Potion            |       |     2 ||     2
 Stab: Sleeping          |     2 |     2 ||     4
Armor: Ring mail         |    67 |    63 ||   130
Dodge: Dodged            |    75 |    32 ||   107
Block: Buckler           |    30 |    10 ||    40

Table legend: (Time is in decaauts)
 A = Elapsed time spent in this place.
 B = Non-inter-level travel time spent in this place.
 C = Inter-level travel time spent in this place.
 D = Time resting spent in this place.
 E = Time spent auto-exploring this place.
 F = Levels seen in this place.
 G = Mean time per level.
                   A        B        C        D        E       F      G
               +--------+--------+--------+--------+--------+-----+--------+
         Total |   3128 |   3025 |    103 |    217 |   2092 |   5 |  625.6 |
       Dungeon |   3128 |   3025 |    103 |    217 |   2092 |   5 |  625.6 |
               +--------+--------+--------+--------+--------+-----+--------+

Top non-repeatable levels by time:
     D:2: 801 daAuts
     D:3: 784 daAuts
     D:4: 735 daAuts
     D:1: 729 daAuts
     D:5: 76 daAuts
